 Dungeon Crawl Stone Soup version 0.30.0-15-g856e2d3f33 (webtiles) character file.

Game seed: 18099084269488001692

55 qw the Chopper (level 3, -1/23 HPs)
             Began as a Gargoyle Fighter on May 20, 2023.
             Slain by a quasit (2 damage)
             ... summoned by Eustachio
             ... on level 4 of the Dungeon.
             The game lasted 00:00:50 (2674 turns).

qw the Chopper (Gargoyle Fighter)                   Turns: 2674, Time: 00:00:50

Health: -1/23      AC: 12    Str: 21    XL:     3   Next: 93%
Magic:  3/3        EV:  7    Int:  8    God:
Gold:   185        SH:  4    Dex:  9    Spells: 2/2 levels left

rFire   . . .        Y - +0 war axe
rCold   . . .        c - +0 buckler
rNeg    + . .        f - +0 chain mail
rPois   inf          (no helmet)
rElec   +            (no cloak)
rCorr   .            (no gloves)
SInv    .            (no boots)
Will    .....        (no amulet) Stlth
                     (no ring)
HPRegen 0.23/turn    (no ring)
MPRegen 0.08/turn

%: no passive effects
@: no status effects
A: sickness immunity, AC +3, negative energy resistance 1, electricity
resistance, torment resistance 1, petrification resistance
a: no special abilities


You were on level 4 of the Dungeon.
You visited 1 branch of the dungeon, and saw 4 of its levels.

You collected 185 gold pieces.


Innate Abilities, Weirdness & Mutations

You are immune to sickness and miasma.
Your stone body is resilient. (AC +3)
You are immune to poison.
You resist negative energy. (rN+)
You are resistant to electric shocks. (rElec)
You are resistant to unholy torment.
You are immune to petrification.


   Skills:
 - Level 3.2 Fighting
 + Level 3.7 Axes
 - Level 3.2 Armour
 - Level 3.2 Shields


You had 2 spell levels left.
You didn't know any spells.
Your spell library was empty.

Inventory:

Hand Weapons
 i - a +0 mace
 Y - a +0 war axe (weapon)
Armour
 c - a +0 buckler (worn)
 f - a +0 chain mail (worn)
Scrolls
 j - a scroll of enchant weapon {unknown}
Potions
 a - a potion of degeneration {unknown}
 b - a potion of attraction {unknown}
 d - a potion of might
 e - 3 potions of curing {unknown}
 g - a potion of cancellation {unknown}
 h - a potion of heal wounds {unknown}

Dungeon Overview and Level Annotations

Branches:
Dungeon (4/15)
 Temple: D:4-7

Altars:

Annotations:
D:4 Eustachio


Message History

The ufetubus barely misses you.
The ufetubus hits you but does no damage.
The ufetubus barely misses you. You block the ufetubus's attack.
You closely miss the ufetubus.
The ufetubus hits you but does no damage. x2
The ufetubus hits you.
The ufetubus hits you but does no damage.
You barely miss the ufetubus. The ufetubus closely misses you.
You block the ufetubus's attack.
The ufetubus hits you but does no damage.
The ufetubus barely misses you.
You barely miss the ufetubus. The ufetubus barely misses you.
The ufetubus hits you. The ufetubus barely misses you.
The ufetubus closely misses you.
You closely miss the ufetubus.
The ufetubus hits you but does no damage.
The ufetubus barely misses you. The ufetubus hits you.
The ufetubus hits you but does no damage.
You barely miss the ufetubus.
The ufetubus hits you but does no damage.
The ufetubus barely misses you. You block the ufetubus's attack.
The ufetubus barely misses you.
Eustachio casts a spell.
You hit the ufetubus.
The ufetubus is lightly wounded.
The ufetubus hits you. x2
The ufetubus hits you but does no damage.
The ufetubus barely misses you.
You hit the ufetubus but do no damage.
The ufetubus is lightly wounded.
The ufetubus barely misses you.
The ufetubus hits you but does no damage.
Eustachio mumbles some strange words.
You barely miss the quasit.
The ufetubus disappears in a puff of smoke!
The quasit completely misses you. The quasit closely misses you.
The quasit claws you but does no damage.
The quasit bites you but does no damage.
The quasit claws you. x2
You die...

## #. #. #r## 5@#
#5# #@#############
#..............
#######...###+#
##...## #.....#
#.....# ### #.....#
#.#########....#
#####........##....#


You could see Eustachio, a quasit (summoned), an ufetubus (summoned) and a rat
(summoned).

Vanquished Creatures
  An adder (D:2)
  A worm (D:2)
  2 dart slugs
  2 orcs (D:3)
  2 bats (D:2)
  2 endoplasms (D:1)
  A giant cockroach (D:2)
  7 goblins
  2 hobgoblins
  2 jackals (D:4)
  A kobold (D:3)
  3 quokkas
  2 ball pythons
  2 frilled lizards
  3 rats
33 creatures vanquished.

Notes
Turn   | Place    | Note
-------+----------+-------------------------------------------
     0 | D:1      | qw the Gargoyle Fighter began the quest for the Orb.
     0 | D:1      | Reached XP level 1. HP: 14/14 MP: 1/1
     0 | D:1      | 0 ||| qw: Version: 0.2-a-97-g499787f
     0 | D:1      | 0 ||| qw: Game counter: 69
     0 | D:1      | 0 ||| qw: Always use a shield: true
     0 | D:1      | 0 ||| qw: God list: Okawaru
     0 | D:1      | 0 ||| qw: Allow faded altars: false
     0 | D:1      | 0 ||| qw: Do Orc after D:15 true
     0 | D:1      | 0 ||| qw: Do second Lair branch before Depths: true
     0 | D:1      | 0 ||| qw: Lair rune preference: random
     0 | D:1      | 0 ||| qw: Plans: Normal, Zot:1-4, God:TSO, Crypt, Tomb,
                  | Pan, Slime:5, Hells, Abyss, Win
     0 | D:1      | 0 ||| PLANNING D:1-11
   108 | D:1      | 108 ||| Stepping ~*~*~tactically~*~*~ (stealth).
   336 | D:1      | Reached XP level 2. HP: 16/19 MP: 2/2
   598 | D:1      | 598 ||| UPGRADING to +0 chain mail.
   608 | D:1      | 608 ||| DROPPING +0 scale mail.
   609 | D:1      | 609 ||| READING scroll labelled MIERUI ELEMM.
   610 | D:1      | 610 ||| READING scroll labelled UMAEDE GOX YRY.
   711 | D:1      | 711 ||| READING scroll labelled FEM YTRETYGOH.
   866 | D:2      | Found a faded altar of an unknown god.
   917 | D:2      | 917 ||| Stepping ~*~*~tactically~*~*~ (stealth).
   924 | D:2      | Reached skill level 3 in Axes
   924 | D:2      | Reached XP level 3. HP: 23/23 MP: 3/3
  1748 | D:2      | 1748 ||| READING scroll labelled HAUV ZE EROE.
  1839 | D:3      | 1839 ||| Stepping ~*~*~tactically~*~*~ (hiding).
  1888 | D:3      | 1888 ||| Stepping ~*~*~tactically~*~*~ (stealth).
  1889 | D:3      | 1889 ||| Stepping ~*~*~tactically~*~*~ (stealth).
  2649 | D:4      | Noticed Eustachio
  2672 | D:4      | HP: 2/23 [ufetubus[Eustachio] (4)]
  2674 | D:4      | Slain by a quasit

Levels and vault maps discovered:
D:1:      lightli_arrival_quake, layout_basic
D:2:      layout_basic, dreamdust_ecumenical_altar_statues,
          kennysheep_generic_room_13
D:3:      layout_basic, minmay_misc_feat_four_crosses
D:4:      layout_gridville, hangedman_abyss_or_decor_stabs,
          uniq_crazy_yiuf_cottage, uniq_eustachio

Skill      XL: |  1  2 |
---------------+-------+-----
Axes           | 2 3 |  3.7
Fighting       | |  3.2
Armour         | |  3.2
Shields        | |  3.2

Action                     || total
---------------------------++-------
  Melee: War axe           ||   109
    Use: Scroll            ||     4
 Armour: Scale mail        ||    12
         Chain mail        ||    48
  Dodge: Dodged            ||    50
  Block: Buckler           ||    16

Table legend:
 A = Non-vault XP
 B = Vault XP
 C = Vault XP percentage of total XP
 D = Non-vault monster count
 E = Vault monster count
 F = Vault count percentage of total count
                 A         B        C        D         E       F
            +---------+---------+-------+---------+---------+-------
      Total |      78 |       1 |   1.3 |      32 |       1 |   3.0
            +---------+---------+-------+---------+---------+-------
        D:1 |      13 |       0 |   0.0 |       8 |       0 |   0.0
        D:2 |      37 |       1 |   2.6 |      11 |       1 |   8.3
        D:3 |      18 |       0 |   0.0 |       8 |       0 |   0.0
        D:4 |      10 |       0 |   0.0 |       5 |       0 |   0.0
            +---------+---------+-------+---------+---------+-------
